AA
MEDFORD ALOUETTES @ FARGO-MOORHEAD REDHAWKS
08/03/2099
 
TOP OF THE 1ST
Lincoln Saltdogs batting - Pitching for St. Paul Saints : RHP Paul Joyce
Pitching: RHP Paul Joyce
Batting: RHB Omar Soliz 0-0: Ball
1-0: Foul Ball, location: 9LSF
1-1: Ball
2-1: Called Strike
2-2: Foul Ball, location: 2F
2-2: SINGLE (Groundball, 56S, EV 67.5 MPH) (infield hit)
Batting: RHB Jerry Warren 0-0: Foul Ball, location: 2F
0-1: Foul Ball, location: 5F
0-2: Ball
1-2: Fly out, F3 (Popup, 3SF, EV 71.9 MPH)
Batting: SHB Chris Klapp 0-0: Called Strike
0-1: Called Strike
0-2: Ball
1-2: Ball
2-2: Ball
3-2: Strikes out swinging
Omar Soliz steals 2nd base
Batter strikes out.
Batting: LHB Matt Doucette 0-0: Fly out, F9 (Flyball, 89D, EV 86.9 MPH)
Top of the 1st over - 0 runs, 1 hit, 0 errors, 1 left on base; Lincoln 0 - St. Paul 0
BOTTOM OF THE 1ST
St. Paul Saints batting - Pitching for Lincoln Saltdogs : RHP Manny Rodriguez
Pitching: RHP Manny Rodriguez
Batting: LHB Taylor Shobe 0-0: Ball
1-0: Ball
2-0: Ground out U3 (Groundball, 3, EV 105.0 MPH)
Batting: RHB Severiano Laborinhos 0-0: Called Strike
0-1: Called Strike
0-2: Strikes out looking
Batting: RHB Mat Ginsburg 0-0: Called Strike
0-1: Ball
1-1: Called Strike
1-2: Foul Ball, location: 2F
1-2: Foul Ball, location: 5F
1-2: Strikes out swinging
Bottom of the 1st over - 0 runs, 0 hits, 0 errors, 0 left on base; Lincoln 0 - St. Paul 0
TOP OF THE 2ND
Lincoln Saltdogs batting - Pitching for St. Paul Saints : RHP Paul Joyce
Batting: RHB Shawn Homes 0-0: Called Strike
0-1: Ball
1-1: Foul Ball, location: 3SF
1-2: Foul Ball, location: 2F
1-2: Strikes out swinging
Batting: SHB Salvador Coll 0-0: Foul Ball, location: 7LMFF
0-1: Foul Ball, location: 3DF
0-2: Ground out 6-3 (Groundball, 6, EV 83.1 MPH)
Batting: RHB Marco Cordero 0-0: Ball
1-0: Ball
2-0: SOLO HOME RUN (Flyball, 7LD, EV 96.9 MPH), Distance : 348 ft
Batting: RHB Arturo Varona 0-0: Called Strike
0-1: Ball
1-1: Foul Ball, location: 2F
1-2: Ball
2-2: Foul Ball, location: 9LDF
2-2: Fly out, F4 (Popup, 4S, EV 65.6 MPH)
Top of the 2nd over - 1 run, 1 hit, 0 errors, 0 left on base; Lincoln 1 - St. Paul 0
BOTTOM OF THE 2ND
St. Paul Saints batting - Pitching for Lincoln Saltdogs : RHP Manny Rodriguez
Batting: RHB Juan Pena 0-0: Called Strike
0-1: Foul Ball, location: 9LMF
0-2: Foul Ball, location: 5F
0-2: Ball
1-2: Ball
2-2: Foul Ball, location: 9LSF
2-2: Strikes out swinging
Batting: RHB Luke Toal 0-0: Fly out, F7 (Line Drive, 7LS, EV 86.9 MPH)
Batting: RHB Mark Germain 0-0: Ball
1-0: Called Strike
1-1: Ball
2-1: Hit by Pitch
Batting: RHB Jaap Coppens 0-0: Called Strike
0-1: Ball
1-1: Ball
2-1: Ball
3-1: Foul Ball, location: 9LDF
3-2: Foul Ball, location: 2F
3-2: Base on Balls
Mark Germain to second
Batting: LHB Antonio Corral 0-0: Ball
1-0: Swinging Strike
1-1: Swinging Strike
1-2: Strikes out swinging
Bottom of the 2nd over - 0 runs, 0 hits, 0 errors, 2 left on base; Lincoln 1 - St. Paul 0
TOP OF THE 3RD
Lincoln Saltdogs batting - Pitching for St. Paul Saints : RHP Paul Joyce
Batting: RHB Mike Byrd 0-0: Foul Ball, location: 9LMF
0-1: Ball
1-1: Ball
2-1: Ball
3-1: SINGLE (Line Drive, 5L, EV 98.1 MPH)
Batting: RHB Omar Soliz 0-0: Bunt missed!
0-1: Ball
1-1: Bunted foul
1-2: Strikes out swinging
Batting: RHB Jerry Warren 0-0: Ball
1-0: Called Strike
1-1: Ball
2-1: Ball
3-1: Base on Balls
Mike Byrd to second
Batting: SHB Chris Klapp 0-0: Called Strike
0-1: Ball
1-1: Foul Ball, location: 2F
1-2: Foul Ball, location: 25F
1-2: Ball
2-2: Strikes out looking
Batting: LHB Matt Doucette 0-0: Ball
1-0: Foul Ball, location: 2F
1-1: Ball
2-1: Swinging Strike
2-2: Ball
3-2: Foul Ball, location: 23F
3-2: Base on Balls
Mike Byrd to third
Jerry Warren to second
Batting: RHB Shawn Homes 0-0: Ball
1-0: Swinging Strike
1-1: Called Strike
1-2: Ball
2-2: Foul Ball, location: 2RF
2-2: Strikes out swinging
Top of the 3rd over - 0 runs, 1 hit, 0 errors, 3 left on base; Lincoln 1 - St. Paul 0
BOTTOM OF THE 3RD
St. Paul Saints batting - Pitching for Lincoln Saltdogs : RHP Manny Rodriguez
Batting: LHB Jared Paglia 0-0: Swinging Strike
0-1: Called Strike
0-2: Foul Ball, location: 7LDF
0-2: Ball
1-2: SINGLE (Groundball, 4S, EV 69.4 MPH) (infield hit)
Batting: LHB Taylor Shobe 0-0: Ball
1-0: Ball
2-0: Sac Bunt to 13S - play at first, batter OUT! 1-3
Jared Paglia to second
Batting: RHB Severiano Laborinhos 0-0: Called Strike
0-1: Called Strike
0-2: Foul Ball, location: 3F
0-2: Strikes out swinging
Batting: RHB Mat Ginsburg 0-0: Ball
1-0: Ball
2-0: Ball
3-0: Base on Balls
Batting: RHB Juan Pena 0-0: Ball
1-0: Foul Ball, location: 2F
1-1: Ball
2-1: Fly out, F8 (Flyball, 8RS, EV 78.8 MPH)
Bottom of the 3rd over - 0 runs, 1 hit, 0 errors, 2 left on base; Lincoln 1 - St. Paul 0
TOP OF THE 4TH
Lincoln Saltdogs batting - Pitching for St. Paul Saints : RHP Paul Joyce
Batting: SHB Salvador Coll 0-0: Ball
1-0: Called Strike
1-1: Ball
2-1: Ball
3-1: Base on Balls
Batting: RHB Marco Cordero 0-0: Ball
1-0: Ball
2-0: Ball
3-0: Base on Balls
Salvador Coll to second
Batting: RHB Arturo Varona 0-0: Ball
1-0: SINGLE (Line Drive, 56, EV 95.0 MPH)
Salvador Coll to third
Marco Cordero to second
Batting: RHB Mike Byrd 0-0: Ball
1-0: Called Strike
1-1: Grounds into double play, 4-6-3 (Groundball, 4, EV 100.0 MPH)
Salvador Coll scores
Marco Cordero to third
Batting: RHB Omar Soliz 0-0: Ball
1-0: Ball
2-0: Ground out 6-3 (Groundball, 6, EV 90.6 MPH)
Top of the 4th over - 1 run, 1 hit, 0 errors, 1 left on base; Lincoln 2 - St. Paul 0
BOTTOM OF THE 4TH
St. Paul Saints batting - Pitching for Lincoln Saltdogs : RHP Manny Rodriguez
Batting: RHB Luke Toal 0-0: Called Strike
0-1: DOUBLE (Line Drive, 9LD, EV 107.5 MPH)
Batting: RHB Mark Germain 0-0: Ball
1-0: Swinging Strike
1-1: Foul Ball, location: 23F
1-2: Foul Ball, location: 5F
1-2: Ball
2-2: SINGLE (Line Drive, 34, EV 105.6 MPH)
Luke Toal to third
Batting: RHB Jaap Coppens 0-0: Ball
1-0: Ball
2-0: Called Strike
2-1: Grounds into double play, 6-4-3 (Groundball, 6, EV 79.4 MPH)
Luke Toal scores
Batting: LHB Antonio Corral 0-0: Ball
1-0: Foul Ball, location: 7LDF
1-1: Ball
2-1: Ball
3-1: Foul Ball, location: 7LDF
3-2: Foul Ball, location: 2F
3-2: Base on Balls
Batting: LHB Jared Paglia 0-0: Called Strike
0-1: Fly out, F8 (Flyball, 8LD, EV 98.8 MPH)
Bottom of the 4th over - 1 run, 2 hits, 0 errors, 1 left on base; Lincoln 2 - St. Paul 1
TOP OF THE 5TH
Lincoln Saltdogs batting - Pitching for St. Paul Saints : RHP Paul Joyce
Batting: RHB Jerry Warren 0-0: Ball
1-0: Foul Ball, location: 9LDF
1-1: Ball
2-1: Ball
3-1: Ground out 6-3 (Groundball, 6, EV 106.3 MPH)
Batting: SHB Chris Klapp 0-0: Called Strike
0-1: Swinging Strike
0-2: Ball
1-2: Ball
2-2: Strikes out swinging
Pitching: LHP Fernando Cedillo
Batting: LHB Matt Doucette 0-0: Ball
1-0: Foul Ball, location: 7LDF
1-1: Ball
2-1: Foul Ball, location: 25F
2-2: Strikes out swinging
Top of the 5th over - 0 runs, 0 hits, 0 errors, 0 left on base; Lincoln 2 - St. Paul 1
BOTTOM OF THE 5TH
St. Paul Saints batting - Pitching for Lincoln Saltdogs : RHP Manny Rodriguez
Batting: LHB Taylor Shobe 0-0: Ball
1-0: Fly out, F8 (Flyball, 8RM, EV 93.8 MPH)
Batting: RHB Severiano Laborinhos 0-0: Ball
1-0: Ball
2-0: Ball
3-0: Called Strike
3-1: Foul Ball, location: 2F
3-2: Strikes out swinging
Batting: RHB Mat Ginsburg 0-0: Ball
1-0: Swinging Strike
1-1: Foul Ball, location: 9LDF
1-2: SINGLE (Line Drive, 9LM, EV 109.4 MPH)
Batting: RHB Juan Pena 0-0: Ball
1-0: Foul Ball, location: 5FF
1-1: Ball
2-1: Ball
3-1: Ground out 5-3 (Groundball, 56S, EV 90.6 MPH)
Bottom of the 5th over - 0 runs, 1 hit, 0 errors, 1 left on base; Lincoln 2 - St. Paul 1
TOP OF THE 6TH
Lincoln Saltdogs batting - Pitching for St. Paul Saints : LHP Fernando Cedillo
Batting: RHB Shawn Homes 0-0: Ground out U3 (Groundball, 13, EV 86.3 MPH)
Batting: SHB Salvador Coll 0-0: Ball
1-0: Called Strike
1-1: Foul Ball, location: 9LSF
1-2: Strikes out swinging
Batting: RHB Marco Cordero 0-0: Called Strike
0-1: Ball
1-1: Ball
2-1: Ball
3-1: Called Strike
3-2: Base on Balls
Batting: RHB Arturo Varona 0-0: Ball
1-0: Called Strike
1-1: Fly out, F7 (Flyball, 8LM, EV 82.5 MPH)
Top of the 6th over - 0 runs, 0 hits, 0 errors, 1 left on base; Lincoln 2 - St. Paul 1
BOTTOM OF THE 6TH
St. Paul Saints batting - Pitching for Lincoln Saltdogs : RHP Manny Rodriguez
Batting: RHB Luke Toal 0-0: Ball
1-0: Called Strike
1-1: Foul Ball, location: 9LMF
1-2: Strikes out looking
Batting: RHB Mark Germain 0-0: SINGLE (Line Drive, 4MD, EV 105.0 MPH)
Batting: RHB Jaap Coppens 0-0: Called Strike
Mark Germain steals 2nd base
0-1: Ball
1-1: Ball
2-1: Fly out, F4 (Popup, 4, EV 65.0 MPH)
Pitching: RHP Alex Aguilar
Batting: LHB Antonio Corral 0-0: 2-RUN HOME RUN (Flyball, 78XD, EV 101.3 MPH), Distance : 415 ft
Batting: LHB Jared Paglia 0-0: Foul Ball, location: 7LSF
0-1: Fly out, F9 (Flyball, 9D, EV 91.9 MPH)
Bottom of the 6th over - 2 runs, 2 hits, 0 errors, 0 left on base; Lincoln 2 - St. Paul 3
TOP OF THE 7TH
Lincoln Saltdogs batting - Pitching for St. Paul Saints : LHP Fernando Cedillo
Batting: RHB Mike Byrd 0-0: Ball
1-0: Ball
2-0: Ball
3-0: Called Strike
3-1: Base on Balls
Batting: RHB Omar Soliz 0-0: Ball
1-0: Called Strike
1-1: Foul Ball, location: 9LMF
1-2: Ball
2-2: Foul Ball, location: 23F
2-2: Ball
3-2: Strikes out swinging
Batting: RHB Jerry Warren 0-0: Foul Ball, location: 5SF
0-1: Grounds into double play, 6-4-3 (Groundball, 6, EV 96.9 MPH)
Top of the 7th over - 0 runs, 0 hits, 0 errors, 0 left on base; Lincoln 2 - St. Paul 3
BOTTOM OF THE 7TH
St. Paul Saints batting - Pitching for Lincoln Saltdogs : RHP Alex Aguilar
Batting: LHB Taylor Shobe 0-0: Ball
1-0: DOUBLE (Line Drive, 7LS, EV 108.8 MPH)
Batting: RHB Severiano Laborinhos 0-0: SINGLE (Groundball, 4MD, EV 101.3 MPH)
Taylor Shobe to third
Runner from 3rd tries for Home, SAFE, throw by CF to home
Batting: RHB Mat Ginsburg 0-0: Foul Ball, location: 2F
0-1: Ball
1-1: Called Strike
1-2: Ball
Wild Pitch!
Severiano Laborinhos to second
2-2: 2-RUN HOME RUN (Flyball, 7LD, EV 95.0 MPH), Distance : 349 ft
Pitching: RHP Steven Estes
Batting: RHB Juan Pena 0-0: Ball
1-0: Foul Ball, location: 2F
1-1: Ball
2-1: Foul Ball, location: 3FF
2-2: Foul Ball, location: 23F
2-2: Ball
3-2: Strikes out swinging
Batting: RHB Luke Toal 0-0: Fly out, F6 (Popup, 6M, EV 51.9 MPH)
Batting: RHB Mark Germain 0-0: Called Strike
0-1: Foul Ball, location: 3SF
0-2: Ball
1-2: Ball
2-2: Strikes out looking
Bottom of the 7th over - 3 runs, 3 hits, 0 errors, 0 left on base; Lincoln 2 - St. Paul 6
TOP OF THE 8TH
Lincoln Saltdogs batting - Pitching for St. Paul Saints : LHP Fernando Cedillo
Batting: SHB Chris Klapp 0-0: Ball
1-0: Called Strike
1-1: Swinging Strike
1-2: Strikes out swinging
Batting: LHB Matt Doucette 0-0: Ball
1-0: Foul Ball, location: 2F
1-1: Called Strike
1-2: Fly out, F6 (Popup, 6M, EV 64.4 MPH)
Batting: RHB Shawn Homes 0-0: Foul Ball, location: 23F
0-1: Swinging Strike
0-2: Strikes out swinging
Top of the 8th over - 0 runs, 0 hits, 0 errors, 0 left on base; Lincoln 2 - St. Paul 6
BOTTOM OF THE 8TH
St. Paul Saints batting - Pitching for Lincoln Saltdogs : RHP Steven Estes
Batting: RHB Jaap Coppens 0-0: Fly out, F7 (Flyball, 7LS, EV 95.0 MPH)
Batting: LHB Antonio Corral 0-0: Ball
1-0: Foul Ball, location: 5F
1-1: Ball
2-1: Foul Ball, location: 2F
2-2: Fly out, F8 (Flyball, 89M, EV 92.5 MPH)
Batting: LHB Jared Paglia 0-0: Ball
1-0: Foul Ball, location: 23FF
1-1: Ball
2-1: Ball
3-1: Called Strike
3-2: Fly out, F8 (Flyball, 8LD, EV 109.4 MPH)
Bottom of the 8th over - 0 runs, 0 hits, 0 errors, 0 left on base; Lincoln 2 - St. Paul 6
TOP OF THE 9TH
Lincoln Saltdogs batting - Pitching for St. Paul Saints : LHP Fernando Cedillo
Pitching: LHP Brian Dunk
Batting: SHB Salvador Coll 0-0: Foul Ball, location: 9LMF
0-1: Foul Ball, location: 2F
0-2: SOLO HOME RUN (Flyball, 7D, EV 94.4 MPH), Distance : 376 ft
Batting: RHB Marco Cordero 0-0: Ball
1-0: Ball
2-0: Foul Ball, location: 9LDF
2-1: Swinging Strike
2-2: Foul Ball, location: 23F
2-2: SINGLE (Groundball, 56D, EV 106.9 MPH) (infield hit)
Batting: RHB Arturo Varona 0-0: Called Strike
0-1: Swinging Strike
0-2: Ball
1-2: Strikes out swinging
Batting: RHB Mike Byrd 0-0: Ball
1-0: Called Strike
1-1: Foul Ball, location: 2F
1-2: Ball
2-2: SINGLE (Groundball, 6MD, EV 95.0 MPH)
Marco Cordero to second
Pitching: RHP Robbie Denton
Pinch Hitting: LHB Bill Wilkins 0-0: Ball
1-0: Ball
2-0: Called Strike
2-1: DOUBLE (Line Drive, 78XD, EV 97.5 MPH)
Marco Cordero scores
Mike Byrd to third
Batting: RHB Jerry Warren 0-0: Foul Ball, location: 23FF
0-1: Ball
1-1: Swinging Strike
1-2: Ball
2-2: Foul Ball, location: 9LDF
2-2: Foul Ball, location: 5FF
2-2: Foul Ball, location: 7LDF
2-2: Strikes out looking
Batting: SHB Chris Klapp 0-0: Ball
1-0: Swinging Strike
1-1: Ball
2-1: Swinging Strike
2-2: Ball
3-2: Base on Balls
Pitching: RHP Matt Lidstone
Batting: LHB Matt Doucette 0-0: Ball
1-0: Foul Ball, location: 2F
1-1: Ball
2-1: Foul Ball, location: 5F
2-2: Strikes out looking
Top of the 9th over - 2 runs, 4 hits, 0 errors, 3 left on base; Lincoln 4 - St. Paul 6
Monday, May 13th , 2024 - OOTP Baseball 24.11 Build 85